 Dungeon Crawl Stone Soup version 0.16.1-16-gc44b35d (webtiles) character file.

275 KarvaRausku the Slasher (level 6, -3/47 HPs)
             Began as a Human Fighter on Apr 16, 2015.
             Slain by a hound (4 damage)
             ... on level 2 of the Dungeon.
             The game lasted 00:06:48 (3621 turns).

KarvaRausku the Slasher (Human Fighter)             Turns: 3621, Time: 00:06:48

Health: -3/47      AC:  7    Str: 19    XL:     6   Next: 50%
Magic:  6/6        EV:  7    Int:  8    God:
Gold:   182        SH:  9    Dex: 12    Spells: 0 memorised, 5 levels left

rFire  + . .     SeeInvis .     a - +0 long sword
rCold  . . .     Clarity  .     b - +0 scale mail
rNeg   . . .     SustAb   .     c - +0 shield
rPois  .         Gourm    .     f - +0 helmet
rElec  .         Spirit   .     (no cloak)
rCorr  .         Warding  .     (no gloves)
rMut   .         Stasis   .     (no boots)
MR     .....                    (no amulet)
Stlth  ..........               (no ring)
                                B - ring of protection from fire

@: not resistant to hostile enchantments, extremely unstealthy
A: no striking features
a: no special abilities


You were on level 2 of the Dungeon.
You were not hungry.

You visited 1 branch of the dungeon, and saw 3 of its levels.

You collected 182 gold pieces.

Inventory:

Hand weapons
 a - a +0 long sword (weapon)
 x - a +1 spear of freezing
Armour
 b - a +0 scale mail (worn)
 c - a +0 shield (worn)
 f - a +0 helmet (worn)
Jewellery
 B - a ring of protection from fire (left hand)
Scrolls
 h - a scroll of remove curse {unknown}
 i - 2 scrolls of magic mapping {unknown}
 l - a scroll of recharging {unknown}
 m - 2 scrolls of teleportation {unknown}
 q - 2 scrolls of identify {unknown}
 u - 3 scrolls of enchant armour {unknown}
 v - a scroll of enchant weapon {unknown}
 y - a scroll of immolation {unknown}
Potions
 e - 2 potions of might
 j - a potion of haste {unknown}
 k - a potion of cure mutation {unknown}
 n - a potion of degeneration {unknown}
 o - a potion of brilliance {unknown}
 s - a potion of resistance {unknown}
 t - a potion of flight {unknown}
 A - a potion of restore abilities {unknown}
Comestibles
 d - 2 bread rations
 g - a royal jelly
 p - a slice of pizza
 r - 3 fruits
 w - a meat ration


   Skills:
 - Level 3.0 Fighting
 + Level 6.3 Long Blades
 - Level 3.0 Armour
 - Level 3.0 Shields


You had 5 spell levels left.
You didn't know any spells.

Dungeon Overview and Level Annotations

Branches:
Dungeon (3/15)

Altars:
Trog


Message History

You hit the hound.
The hound is lightly wounded.
You block the hound's attack.
You slash the hound!
The hound is heavily wounded.
The hound bites you.
* * * LOW HITPOINT WARNING * * *
You block the hound's attack.
You barely miss the hound.
The hound is heavily wounded.
You block the hound's attack. The hound barely misses you.
You closely miss the hound.
The hound is heavily wounded.
The hound barely misses you. You block the hound's attack.
You closely miss the hound.
The hound is heavily wounded.
The hound bites you.
* * * LOW HITPOINT WARNING * * *
The hound bites you.
You die...

#.#.#.######.......######........
#..###....................###.###
#...#....###.......##########.###
#..#.#...#####....## #........
........)...##....## #.###.###
##..........####...## #.# #.# #
#..........###.....## #.###.###
#.###...#####....)).## #.#.#...#
##.......####..h@..<..###....##.#
............+.........'..........
######...####.........####...##.#
##.## ##.......## ##.###.#
###...## ##..(..## ### #K#
##..>...## ##...## ##.#
#<.......# ##'## #..# ##......##
#.# #.## #.#...########.#### #.#


You could see a hound.

Vanquished Creatures
  Ijyb (D:2)
  14 gnolls
  4 adders
  2 worms
  3 giant geckos
  An ooze (D:1)
  3 orcs (D:3)
  2 ball pythons
  A giant cockroach (D:3)
  5 goblins
  4 hobgoblins
  16 jackals (D:3)
  6 kobolds
  A quokka (D:2)
  6 bats
  2 giant newts (D:1)
  3 rats (D:1)
74 creatures vanquished.

Notes
Turn   | Place    | Note
--------------------------------------------------------------
     0 | D:1      | KarvaRausku, the Human Fighter, began the quest for the Orb.
     0 | D:1      | Reached XP level 1. HP: 18/18 MP: 1/1
   337 | D:1      | Reached XP level 2. HP: 18/24 MP: 2/2
   933 | D:2      | Reached XP level 3. HP: 29/29 MP: 3/3
  1214 | D:2      | Reached skill level 4 in Long Blades
  1214 | D:2      | Reached XP level 4. HP: 18/35 MP: 4/4
  1528 | D:2      | Found a bloodstained altar of Trog.
  1588 | D:2      | Noticed Ijyb
  1601 | D:2      | Killed Ijyb
  2043 | D:3      | Reached XP level 5. HP: 17/41 MP: 5/5
  2049 | D:3      | Reached skill level 5 in Long Blades
  2920 | D:3      | Reached XP level 6. HP: 37/47 MP: 6/6
  2927 | D:3      | HP: 2/47 [gnoll (6)]
  3239 | D:3      | Reached skill level 6 in Long Blades
  3621 | D:2      | HP: 1/47 [hound (4)]
  3621 | D:2      | Slain by a hound

Action                   |  1- 3 |  4- 6 || total
-------------------------+-------+-------++-------
Melee: Long sword        |   130 |   247 ||   377
  Eat: Chunk             |     1 |     8 ||     9
